Cogmind - Beta 16.1 @@@ ROGUE MODE // 2026.04.02 @ 14:12:00 Player: Minty Result: Destroyed by G-47 Trooper with Particle Gun Performance ------------- Evolutions (2) 1000 Regions Visited (4) 800 Robots Destroyed (41) 205 Value Destroyed (1472) 1472 Prototype IDs (2) 40 Alien Tech Used (0) 0 Bonus (0) 0 TOTAL SCORE: 3517 Bonus ------- None Cogmind --------- Core Integrity 0/550 Matter 92/300 Energy 23/100 System Corruption 0% Temperature Cool (32) Movement Rolling (110) Ox2 Location -8/Materials Parts ------- > --- POWER (1) -------- (None) > --- PROPULSION (4) --- Wheel > --- UTILITY (4) ------ Medium Storage Unit Core Analyzer Layered Light Armor Plating Layered Light Armor Plating > --- WEAPON (2) ------- Advanced Assault Cannon > --- INVENTORY (10) --- Nuclear Core Core Analyzer Core Analyzer ECM Suite Recalibrator Field Laser Beamcaster Peak State ------------ > --- POWER ------------ Improved Deuterium Engine > --- PROPULSION ------- Carbon-fiber Leg Carbon-fiber Leg Improved Titanium Leg Improved Titanium Leg > --- UTILITY ---------- Improved Heat Sink Medium Storage Unit Improved Terrain Scanner Core Analyzer > --- WEAPON ----------- Beamcaster Heavy Particle Cannon > --- INVENTORY -------- Nuclear Core Terrain Scanner ECM Suite Recalibrator Beam Rifle Particle Gun Field Laser Heavy Assault Rifle Grenade Launcher Rocket Launcher [Rating: 39] Favorites ----------- Power Improved Deuterium Engine Engine Improved Deuterium Engine Propulsion Improved Titanium Leg Treads Light Treads Leg Improved Titanium Leg Wheel Wheel Flight Unit Flight Unit Utility Medium Storage Unit Device Improved Heat Sink Storage Medium Storage Unit Processor Core Analyzer Protection Hardened Medium Armor Plating Weapon Advanced Assault Cannon Energy Gun Particle Gun Energy Cannon Heavy Particle Cannon Ballistic Gun Autogun Ballistic Cannon Advanced Assault Cannon Launcher Grenade Launcher Build | -11 -10 -9 -9 -8 ------- Run | Yrd Mat Mat Min Mat Slots Evolved 4 | . . 2 . 2 Power . | . . . . . Propulsion 2 | . . 2 . . Utility 2 | . . . . 2 Weapon . | . . . . . Parts Attached 46 | . 4 9 6 27 Power 2 | . . 1 1 . Engine 2 | . . 1 1 . Core . | . . . . . Reactor . | . . . . . Propulsion 13 | . . 5 2 6 Treads 2 | . . 2 . . Leg 6 | . . . 2 4 Wheel 4 | . . 3 . 1 Hover . | . . . . . Flight 1 | . . . . 1 Utility 16 | . 2 . 2 12 Device 7 | . 1 . . 6 Storage 2 | . 1 . . 1 Processor 4 | . . . 2 2 Hackware . | . . . . . Protection 3 | . . . . 3 Artifact . | . . . . . Weapon 15 | . 2 3 1 9 Energy Gun 8 | . 2 2 . 4 Energy Cannon 1 | . . . . 1 Ballistic Gun 3 | . . . . 3 Ballistic Cannon 1 | . . . 1 . Launcher 2 | . . 1 . 1 Special Weapon . | . . . . . Impact Weapon . | . . . . . Slashing Weapon . | . . . . . Piercing Weapon . | . . . . . Special Melee Weapon . | . . . . . Unidentified Prototypes . | . . . . . Corrupted Parts 5 | . . . 5 . System Corruption 16 | . . . 16 . Parts Lost 24 | . 1 7 . 16 Power 2 | . . 1 . 1 Propulsion 11 | . . 4 . 7 Utility 5 | . . 1 . 4 Weapon 6 | . 1 1 . 4 Highest Loss Streak 9 | . 1 5 . 9 To Critical Strikes . | . . . . . Average Backups 7 | . 7 4 4 8 Power . | . 1 . . . Propulsion 1 | . 4 1 . . Utility 2 | . . 1 1 2 Weapon 3 | . 2 2 2 5 Tool/Special . | . . . . . Unused Backups 13 | . 5 3 1 4 Power 3 | . 1 1 . 1 Propulsion 4 | . 2 2 . . Utility 4 | . 1 . . 3 Weapon 2 | . 1 . 1 . Tool/Special . | . . . . . Average Slot Usage (%) 82 | . 89 86 93 76 Engine 9 | . 14 11 11 6 Treads 4 | . . 10 11 2 Leg 20 | . 28 9 18 21 Wheel 4 | . . 18 13 1 Device 9 | . 4 11 . 12 Storage 9 | . 14 9 4 9 Processor 4 | . . . 12 5 Energy Gun 13 | . 28 15 13 7 Energy Cannon 1 | . . . . 2 Ballistic Cannon 2 | . . . 8 3 Peak Build Rating 39 | . 10 13 26 39 Average Rating 20 | . 7 10 23 26 On Entrance 10 | 6 6 9 8 25 Avg Prop Armor Cover (%) 12 | . . 17 13 9 Naked Turns . | . . . . . Heaviest Build 38 | 13 21 22 29 38 Greatest Support 70 | 20 20 40 40 70 Greatest Overweight (x) 6 | . 1 . . 6 Average Overweight (x) . | . . . . . Largest Inventory Capacity 10 | . 10 10 10 10 Average Capacity 9 | . 8 9 7 10 Most Carried 10 | . 8 7 6 10 Average Carried 7 | . 7 4 4 8 Final Capacity 10 | 8 10 5 10 10 Final Carried 8 | 6 8 5 6 7 Class Distribution -------------------- 80% | Mutant 19% | Scavenger-Mutant Dominant Class ---------------- Mutant | -10/Materials Mutant | -9/Materials Mutant | -9/Mines Mutant | -8/Materials Resources | -11 -10 -9 -9 -8 ----------- Run | Yrd Mat Mat Min Mat Matter Collected 965 | 200 30 94 100 541 Remotely . | . . . . . Salvage Created 1447 | . 243 212 50 942 Parts 65 | . 16 10 4 35 Haulers Intercepted . | . . . . . Recyclers Shooed 3 | . 2 . 1 . Parts Field Recycled . | . . . . . Retrieved Matter . | . . . . . Parts Self-Destructed . | . . . . . Prevented . | . . . . . Parts Restored . | . . . . . Kills | -11 -10 -9 -9 -8 ------- Run | Yrd Mat Mat Min Mat Combat Hostiles Destroyed 34 | . 4 7 . 23 Guns 17 | . 4 2 . 11 Cannons 10 | . . . . 10 AOE 6 | . . 4 . 2 Classes Destroyed 9 | . 2 1 . 6 Worker 1 | . . . . 1 Recycler 4 | . 1 . 1 2 Mechanic 1 | . . . . 1 Operator 1 | . . . . 1 Swarmer 3 | . . . . 3 Grunt 24 | . 4 5 . 15 Brawler 1 | . . . . 1 Sentry 5 | . . 2 . 3 Specialist 1 | . . . . 1 Best Kill Streak 6 | . 4 5 1 6 Combat Bots Only 5 | . 3 5 . 5 Max Kills in Single Turn 2 | . 1 2 1 1 Gunslinging . | . . . . . Exploded 2 | . . 2 . 1 Melee . | . . . . . Uniques/NPCs Destroyed . | . . . . . Combat | -11 -10 -9 -9 -8 -------- Run | Yrd Mat Mat Min Mat Hostile Shots Fired 347 | . 36 84 3 224 Missed 108 | . 9 26 2 71 Hits 239 | . 27 58 1 153 Melee 3 | . . . . 3 Projectile 236 | . 27 58 1 150 Critical Strikes 13 | . . 2 . 11 Damage Taken 3534 | . 306 842 62 2324 Core 853 | . 67 213 14 559 Absorbed by Shields 28 | . . . . 28 Regen/Repaired (Parts) 73 | . . . . 73 Core Remaining (%) 72 | 100 73 . 43 . Volleys Fired 137 | . 16 27 2 92 Largest 2 | . 2 2 2 2 Hottest 138 | . 105 115 105 138 Shots Fired 224 | . 32 36 4 152 Gun 164 | . 32 30 2 100 Cannon 44 | . . . 2 42 Launcher 16 | . . 6 . 10 Special . | . . . . . Kinetic 61 | . . . 2 59 Thermal 131 | . 16 30 2 83 Explosive 16 | . . 6 . 10 Electromagnetic 16 | . 16 . . . Robot Hit Streak 23 | . 14 10 2 23 Robot Miss Streak 8 | . 4 2 1 8 Penetration Max . | . . . . . Secondary Targets 3 | . 2 . . 1 Max Gunslinging Chain 1 | . 1 . . 1 Shots Hit Robots 163 | . 22 29 2 110 Core Hits 116 | . 11 13 1 91 Critical Kills . | . . . . . Critical Parts Destroyed . | . . . . . Critical Strikes 3 | . . . . 3 Burn 2 | . . . . 2 Blast 1 | . . . . 1 Melee Attacks . | . . . . . Impact . | . . . . . Slashing . | . . . . . Piercing . | . . . . . Sneak Attacks . | . . . . . Combat Hostiles . | . . . . . Follow-up Attacks . | . . . . . Damage Inflicted 3943 | . 327 625 43 2948 Guns 1897 | . 289 355 16 1237 Cannons 893 | . . . 27 866 Explosions 1133 | . 30 262 . 841 Melee . | . . . . . Ramming 20 | . 8 8 . 4 Kinetic 1115 | . . . 27 1088 Thermal 1567 | . 181 355 16 1015 Explosive 1103 | . . 262 . 841 Electromagnetic 138 | . 138 . . . Impact . | . . . . . Slashing . | . . . . . Piercing . | . . . . . Highest Corruption 16 | . . . 16 . Average Corruption 15 | . . . 15 . Corruption Purged . | . . . . . Corruption Blocked . | . . . . . Effects 8 | . . . 8 . Message Errors 3 | . . . 3 . Matter Fused 2 | . . . 2 . Energy Discharges 1 | . . . 1 . Data Loss (minor) 2 | . . . 2 . Overload Shots . | . . . . . Overflow Damage 22 | . . . . 22 Projectiles . | . . . . . Explosions 22 | . . . . 22 Melee . | . . . . . Knockbacks 9 | . . . . 9 Impact . | . . . . . Kinetic 8 | . . . . 8 Secondary 1 | . . . . 1 Self-Inflicted Damage 26 | . . 26 . . Shots 1 | . . 1 . . Rammed 3 | . . 3 . . Targets Rammed 11 | . 5 3 . 3 Kicked 8 | . 5 . . 3 Crushed . | . . . . . Highest Temperature 301 | . 258 78 84 301 Average Temperature 73 | . 101 24 43 73 Received Heat Transfer 1691 | . 168 330 6 1187 Siege Activations . | . . . . . Martial Activations . | . . . . . Shielding Activations . | . . . . . Robots Disrupted . | . . . . . Combat Hostiles . | . . . . . Robots Corrupted . | . . . . . Combat Hostiles . | . . . . . Parts Fried . | . . . . . Impact Corruptions . | . . . . . Robots Melted 1 | . . 1 . . Combat Hostiles 1 | . . 1 . . Parts Melted 4 | . . 1 . 3 Heat Transferred 3272 | . 494 877 37 1864 Parts Sabotaged . | . . . . . Parts Stolen . | . . . . . Parts Stripped . | . . . . . Power Chain Reactions 1 | . 1 . . . Alert | -11 -10 -9 -9 -8 ------- Run | Yrd Mat Mat Min Mat Maximum Alert Level 1 | . . . . 1 Low Security (%) 82 | . 100 100 100 68 Level 1 17 | . . . . 31 Level 2 . | . . . . . Level 3 . | . . . . . Level 4 . | . . . . . Level 5 . | . . . . . High Security . | . . . . . Max Security . | . . . . . Peak Influence 290 | . 113 139 39 290 Initial 39 | . . 30 39 . Average 80 | . 39 87 14 106 Influence Increases 1095 | . 164 220 6 705 Destroy 0b10 Robot/C 680 | . 80 140 . 460 Destroy 0b10 Robot/NC 35 | . 5 . 5 25 Destroy Leader 140 | . 20 40 . 80 Successful Hack 22 | . 11 6 . 5 Select Force Hacks 30 | . 30 . . . Disable Machine 45 | . 15 . . 30 Destroy Structure 98 | . 3 34 1 60 Lose Combat Pursuer 45 | . . . . 45 Influence Decreases 812 | . 91 193 106 422 Entered New Map 104 | . . 43 61 . Time Decay 468 | . 81 80 45 262 Lost Part 240 | . 10 70 . 160 Squads Dispatched 13 | . 2 2 . 9 Investigation 5 | . 2 2 . 1 Extermination . | . . . . . Reinforcement 2 | . . . . 2 Assault . | . . . . . Garrison 6 | . . . . 6 Intercept . | . . . . . Searches Triggered . | . . . . . Construction Impeded . | . . . . . Haulers Reinforced . | . . . . . Active Scanning Responses . | . . . . . Cargo Convoy Interrupts . | . . . . . Stealth | -11 -10 -9 -9 -8 --------- Run | Yrd Mat Mat Min Mat Distress Signals 10 | . 1 2 . 7 Communications Jammed . | . . . . . Distress Signals . | . . . . . Times Spotted 64 | . 8 17 2 37 Peak Tracking Total 11 | . 4 11 2 10 Tactical Retreats 2 | . . . . 2 Traps | -11 -10 -9 -9 -8 ------- Run | Yrd Mat Mat Min Mat Traps Triggered 1 | . 1 . . . Indirectly . | . . . . . Trap Hack Attempts . | . . . . . Triggered . | . . . . . Disarmed . | . . . . . Reprogrammed . | . . . . . Reused . | . . . . . Traps Extracted . | . . . . . Installed . | . . . . . Triggered . | . . . . . Machines | -11 -10 -9 -9 -8 ---------- Run | Yrd Mat Mat Min Mat Machines Disabled 3 | . 1 . . 2 Max in Single Turn 1 | . 1 . . 1 Machines Repaired . | . . . . . Machines Dismantled . | . . . . . Machines Sabotaged . | . . . . . Overloaded Fab Kills . | . . . . . Hacking | -11 -10 -9 -9 -8 --------- Run | Yrd Mat Mat Min Mat Machines Accessed 13 | . 4 3 1 5 Terminals 7 | . 2 3 . 2 Fabricators . | . . . . . Repair Stations 2 | . 1 . . 1 Recycling Units 1 | . 1 . . . Scanalyzers 1 | . . . . 1 Garrison Access 1 | . . . . 1 Total Hacks 35 | . 8 9 1 17 Successful 17 | . 5 4 1 7 Failed 18 | . 3 5 . 10 Catastrophic 1 | . . 1 . . Database Lockouts . | . . . . . Manual 14 | . 4 4 . 6 Terminals 20 | . 4 9 . 7 Fabricators . | . . . . . Repair Stations 6 | . 2 . . 4 Recycling Units 2 | . 2 . . . Scanalyzers 2 | . . . . 2 Garrison Access 4 | . . . . 4 Terminal Hacks 7 | . 2 4 1 . Robot Analysis 1 | . . 1 . . Prototype ID Bank 1 | . . 1 . . Open Door 1 | . . . 1 . Alert Level 1 | . . 1 . . Hauler Manifests 2 | . 1 1 . . Zone Layout 1 | . 1 . . . Fabricator Hacks . | . . . . . Repair Station Hacks 4 | . . . . 4 Scan Component 2 | . . . . 2 Repair 2 | . . . . 2 Recycling Unit Hacks 1 | . 1 . . . Report Inventory 1 | . 1 . . . Scanalyzer 1 | . . . . 1 Retrieve Study 1 | . . . . 1 Garrison Access Hacks . | . . . . . Unauthorized Hacks 4 | . 2 . . 2 Terminals 3 | . 1 . . 2 Botnet 1 | . 1 . . . Disrupt 1 | . . . . 1 Operators 1 | . . . . 1 Fabricators . | . . . . . Repair Stations . | . . . . . Recycling Units 1 | . 1 . . . Tunnel 1 | . 1 . . . Scanalyzers . | . . . . . Garrison Access . | . . . . . Data Cores Recovered . | . . . . . Used . | . . . . . Hacking Detections 11 | . 3 3 . 5 Full Trace Events 5 | . 1 2 . 2 Feedback Events . | . . . . . Feedback Blocked . | . . . . . Robot Schematics Acquired . | . . . . . Robots Built . | . . . . . Authchips . | . . . . . Time . | . . . . . Total Robot Build Rating . | . . . . . Part Schematics Acquired . | . . . . . Parts Built . | . . . . . Authchips . | . . . . . Time . | . . . . . Total Part Build Rating . | . . . . . Part Studies Acquired 1 | . . . . 1 Parts Repaired 2 | . . . . 2 Time 52 | . . . . 52 Parts Recycled . | . . . . . Recycled Matter . | . . . . . Retrieved Matter . | . . . . . Retrieved Components . | . . . . . Parts Scanalyzed . | . . . . . Part Schematics Acquired . | . . . . . Parts Damaged . | . . . . . Bothacking | -11 -10 -9 -9 -8 ------------ Run | Yrd Mat Mat Min Mat Used RIF Installer . | . . . . . Robots Hacked . | . . . . . Non-combat . | . . . . . Combat . | . . . . . Robot Hacks Applied . | . . . . . Relay Couplers Released . | . . . . . Fabnet Peak Effective % . | . . . . . Robots Rewired . | . . . . . Allies Hacked . | . . . . . Hacks Repelled . | . . . . . Allies | -11 -10 -9 -9 -8 -------- Run | Yrd Mat Mat Min Mat Total Allies . | . . . . . Largest Group . | . . . . . Highest-Rated Group . | . . . . . Highest-Rated Ally . | . . . . . Total Orders . | . . . . . Ally Attacks . | . . . . . Total Damage . | . . . . . Kills . | . . . . . Allies Corrupted . | . . . . . Allies Melted . | . . . . . Intel | -11 -10 -9 -9 -8 ------- Run | Yrd Mat Mat Min Mat Active Infowar (turns) 631 | . . . 47 584 Optics 47 | . . . 47 . Terrain 584 | . . . . 584 Robot Analysis Total 1 | . . 1 . . Derelict Logs Recovered 1 | . . . 1 . Drone Launches . | . . . . . Drone Recoveries . | . . . . . Exploration | -11 -10 -9 -9 -8 ------------- Run | Yrd Mat Mat Min Mat Turns Passed 1406 | . 277 179 151 799 Spaces Moved 664 | 1 171 102 87 303 Core 42 | . . . . 42 Treads 1 | . . 1 . . Legs 509 | 1 171 . 79 258 Wheels 112 | . . 101 8 3 Hover . | . . . . . Flight . | . . . . . Fastest Speed 80 | 120 120 90 90 80 Average Speed 124 | 120 125 94 126 134 Slowest Speed 350 | 120 190 160 130 350 Overloaded Moves . | . . . . . Propulsion Burnouts . | . . . . . Robots Hopped . | . . . . . Potential Cave-ins . | . . . . . Cave-ins Triggered . | . . . . . Exploration Rate (%) 20 | 2 34 18 19 29 Regions Visited 4 Branch Regions 1 Pre-discovered Areas 2 | . 1 . 1 . Known Exits Taken . | . . . . . Unknown Exits Taken 4 | 1 1 1 1 . Scrap Searched 1 | . . . 1 . Spaces Dug . | . . . . . Terrain Destroyed 107 | . 3 34 1 69 Melee . | . . . . . Projectile 8 | . . . 1 7 AOE 99 | . 3 34 . 62 Terrain Rammed . | . . . . . Walls Destroyed . | . . . . . Machines Disabled . | . . . . . Actions | -11 -10 -9 -9 -8 --------- Run | Yrd Mat Mat Min Mat Total 1013 | . 197 146 124 546 Wait 95 | . . . 21 74 Move 661 | . 171 101 86 303 Hop . | . . . . . Pick Up 24 | . 1 2 4 17 Fast Attach 16 | . 1 1 3 11 Attach 24 | . . 7 2 15 Detach 7 | . . 1 1 5 Swap 22 | . 3 4 2 13 Drop 17 | . 1 . 3 13 Fire 137 | . 16 27 2 92 Melee . | . . . . . Ram 3 | . . 3 . . Kick 7 | . 4 . . 3 Crush . | . . . . . Escape Stasis . | . . . . . Rewire . | . . . . . Trap . | . . . . . Miscellaneous . | . . . . . Route ------- -11/Scrapyard -10/Materials -9/Materials -9/Mines -8/Materials History --------- Turn | Location | Event 1 | -11/Scrapyard | Discovered new exit (range 0) 1 | -11/Scrapyard | Entered Materials 231 | -10/Materials | Discovered new exit (range 10) 278 | -10/Materials | Entered another Materials area 278 | -9/Materials | Evolved 2 slots: Propulsion x2 300 | -9/Materials | Build established: Mutant 406 | -9/Materials | Lost 5 parts (1p3n1w) 444 | -9/Materials | Discovered new exit (range 16) 452 | -9/Materials | Core integrity fell below 50% 457 | -9/Materials | Entered Mines 460 | -9/Mines | Met a Derelict who couldn't figure out how to use a Trap Extractor 474 | -9/Mines | System corruption reached 10% 547 | -9/Mines | Discovered new exit (range 9) 608 | -9/Mines | Entered Materials 608 | -8/Materials | Evolved 2 slots: Utility x2 668 | -8/Materials | Repaired Grenade Launcher 695 | -8/Materials | Repaired Wheel 787 | -8/Materials | Garrison activated, responded to threat 1017 | -8/Materials | Lost 3 parts (1u2w) 1099 | -8/Materials | Garrison activated, responded to threat 1215 | -8/Materials | Core integrity fell below 50% 1269 | -8/Materials | Lost 9 parts (1p4n2u2w) 1352 | -8/Materials | Core integrity fell below 20% 1407 | -8/Materials | Destroyed by G-47 Trooper with Particle Gun Last Messages --------------- 01349_ B-36 Bruiser unfolds itself. 01349_ G-47 Trooper unfolds itself. 01349_ K-01 Serf collects debris. 01355_ Flight Unit destroyed. 01361_ G-47 Trooper destroyed. 01362_ K-01 Serf collects debris. 01363_ G-47 Trooper Particle Gun blasted off. 01363_ K-01 Serf destroyed. 01365_ B-36 Bruiser destroyed. 01367_ G-47 Trooper knocked back. 01371_ G-47 Trooper destroyed. 01372_ Acquired 24 matter. 01373_ Acquired 47 matter. 01380_ Acquired 31 matter. 01381_ W-25 Informer sends out distress signal. 01382_ Acquired 19 matter. 01386_ Acquired Wheel. 01388_ Acquired 5 matter. 01390_ Dropped Terrain Scanner. 01392_ Discarded Core Analyzer. Map ----- +----------------------------------------------------+ | ?????????????????????????????????????????????????? | | ????o????????????????????????????????????????????? | | ?????????????????????????????????????????????????? | | ?????????????????????????????????????????????????? | | ?????????????????????????????????????????????????? | | ?????????????????????????????????????????????????? | | ?????????????????????????????????????????????????? | | ?????????????????????????????????????????????????? | | ?????????????????????????????????????????????????? | | ?????????????????????????????????????????????????? | | ?????????????????????????????????????????????????? | | ?????????????????????????????????????????????????? | | ?????????????????????????????????????????????????? | | ?????????????????????????????????????????????????? | | ?????????????????????????????????????????????????? | | ?????????????????????????????????????????????????? | | ?????????????????????????????????????????????????? | | ?????????????????????????????????????????????????? | | ???????????????????????#####????????#????????????? | | ???????????????????????# #?????????????????????? | | ???????????????????????# #?????????????????????? | | ???????????????????????# #?????????????????????? | | ???????????????????????# #??????#??????????????? | | ???????????????????????# #????? ##?????????????? | | ???????????????????????# #???? #??????????????? | | ???????????????#???????# @ #??? ???????????????? | | ??????????????????######g;g####/#####????????????? | | ????????? %a !Y %[ ?????? | | ???????????????# ######### #### ##????????????? | | ###########?????? ??????#?# #??????????????????? | | # ! ! #?????# ????????#[#??????????????????? | | % ##??T?????#####?# #??? ??????????????? | | + "" """ #? ?? ???##]] ### ###????????????????? | | # " """ #???????###]] * #????????????????? | | %# """ #???? #?#?#!! ##???????????????? | | # ##? ? ????# [ #????????????????? | | # =% ##????????# [ ##???? ??????????? | | # !/ #?????????# #????????????????? | | ## # ###+#??? ?####### ##????????????????? | | ######## ### #???????#??## #?? ??? ?????????? | | %* + #!#??#?#?#??#?# ##?????#??????????? | | * ##% *#!#### #????#?# #?????????????????? | | #* =%+%[* #??#?#?# #?T??????????#????? | | + #[ =#%#+########### #?????????????????? | | ##! # #% [+% % ## ?? ??#?#???????? | | ##! # # =########+######?????????????? | | ######### # ## *%! ! [ #?#????????????? | | + ?? ??? # ## """" % "#??????#???????? | | ###??#?## # ## """"" % T#??#???????????? | | ##?##?#?# # ## """"""" % #??#???????????? | +----------------------------------------------------+ Best States ------------- Heat Dissipation 45 Energy Generation 16 Energy Capacity 290 Matter Stores 300 Matter Capacity 300 Sight Range 18 Terrain Scan Range 16 Terrain Scan Density 10 Armor Coverage 300 Evasion (%) 55 Core Analysis 9 Recoil Reduction 2 Particle Charging 15 Item Schematics ----------------- None Robot Schematics ------------------ None Fabricated ------------ Nothing Repaired ---------- Grenade Launcher | 33% | -8/Materials Wheel | 17% | -8/Materials Studied --------- Carbon-fiber Leg | -8/Materials | Hacked Alien Tech Used ----------------- None Achievements -------------- None Challenges ------------ None Game ------ Seed ProcessingDisposableTrident Manual? 0 Play Time 00:16:21 Cumulative 1293.8 hours Start 2026.04.02 @ 13:59:25 End 2026.04.02 @ 14:12:00 Sessions 1 Manual Loads 0 Difficulty Rogue Special Mode None Game No. 1589 Rogue 1305 Adventurer 124 Explorer 160 Win Type - Total 63 Types 49/0/8/4/1/0/0/1/0/0 Lore% 93 Gallery% 83 Achievement% 70 Wizard Run 0 Options --------- Layout 0 ASCII 0 Keyboard 1 Movement Numpad Keybinds 0 Fullscreen 2 Font 18/X11 Map View 76x50 Zoom Use 0% Tactical HUD 1 Map Filters NONE Filters NONE Steam 1 RUN: fac608cc-6431-405e-8852-47fb264c4ff4